 Dungeon Crawl Stone Soup version 0.23.1 (webtiles) character file.

Game seed: 0

5348 OdinFK the Thaumaturge (level 10, -2/53 HPs)
             Began as a Deep Elf Fire Elementalist on Mar 2, 2019.
             Was a Believer of Vehumet.
             Slain by a two-headed ogre
             ... wielding a +0 giant club
              (7 damage)
             ... on level 9 of the Dungeon.
             The game lasted 00:46:10 (8282 turns).

OdinFK the Thaumaturge (Deep Elf Fire Elementalist) Turns: 8282, Time: 00:46:10

Health: -2/53      AC:  6    Str:  5    XL:     10   Next: 38%
Magic:  27/27      EV: 14    Int: 24    God:    Vehumet [**....]
Gold:   609        SH:  0    Dex: 15    Spells: 10/31 levels left

rFire    + . .     SeeInvis .   r - +2 dagger (elec)
rCold    x . .     Gourm    .   (no shield)
rNeg     . . .     Faith    .   a - +1 robe
rPois    .         Spirit   .   (no helmet)
rElec    .         Reflect  .   C - +2 cloak
rCorr    .         Harm     .   (no gloves)
MR       +....                  (no boots)
Stlth    ++........             (no amulet)
HPRegen  0.17/turn              F - ring of fire
MPRegen  0.20/turn              k - ring of wizardry

@: about to teleport
A: no striking features
a: Renounce Religion


You were on level 9 of the Dungeon.
You worshipped Vehumet.
Vehumet was pleased with you.
You were not hungry.

You visited 2 branches of the dungeon, and saw 11 of its levels.

You collected 609 gold pieces.

Inventory:

Hand Weapons
 r - a +2 dagger of electrocution (weapon)
Armour
 a - a +1 robe (worn)
 C - a +2 cloak (worn)
Magical Staves
 L - an uncursed staff of death
Jewellery
 b - an uncursed ring of poison resistance
 k - a ring of wizardry (right hand)
 n - an uncursed ring of magical power
 F - a ring of fire (left hand)
 H - an uncursed ring of see invisible
Wands
 d - a wand of flame (32)
 v - a wand of clouds (6)
 A - a wand of enslavement (9)
 I - a wand of polymorph (7)
Scrolls
 e - 4 scrolls of teleportation
 f - 6 scrolls of remove curse
 g - 2 scrolls of blinking {unknown}
 l - 2 scrolls of enchant weapon {unknown}
 p - 2 scrolls of enchant armour
 q - 2 scrolls of noise {unknown}
 w - 2 scrolls of magic mapping
 y - a scroll of random uselessness {unknown}
 G - a scroll of amnesia {unknown}
Potions
 h - 5 potions of lignification
 i - a potion of heal wounds
 j - 2 potions of invisibility
 m - 3 potions of might
 o - 5 potions of curing
 s - 3 potions of haste
 t - a potion of flight {unknown}
 u - 2 potions of degeneration {unknown}
 x - a potion of magic {unknown}
 z - a potion of cancellation {unknown}
 B - a potion of agility {unknown}
 D - a potion of ambrosia {unknown}
 E - a potion of mutation {unknown}
 K - a potion of experience {unknown}
Miscellaneous
 J - a crystal ball of energy
Comestibles
 c - 14 rations


   Skills:
 + Level 1.9 Fighting
 + Level 1.3 Short Blades
 + Level 4.0 Dodging
 - Level 3.0 Stealth
 + Level 11.3 Spellcasting
 + Level 9.6 Conjurations
 + Level 9.9 Fire Magic


You had 10 spell levels left.
You knew the following spells:

 Your Spells              Type           Power        Failure   Level  Hunger
a - Flame Tongue          Conj/Fire      #####        1%          1    None
b - Throw Flame           Conj/Fire      ######       1%          2    None
c - Conjure Flame         Conj/Fire      ######..     1%          3    None
d - Sticky Flame          Conj/Fire      ######..     1%          4    None
e - Fireball              Conj/Fire      ######....   1%          5    ####...
f - Bolt of Fire          Conj/Fire      ######....   5%          6    #####..

Your spell library contained the following spells:

 Spells                   Type           Power        Failure   Level  Hunger
 Searing Ray              Conj           ######       1%          2    None
 Corona                   Hex            ##.....      1%          1    None
 Shock                    Conj/Air       ####         1%          1    None
 Dazzling Spray           Conj/Hex       #####.       1%          3    None
 Inner Flame              Hex/Fire       ######..     1%          3    None
 Ensorcelled Hibernation  Hex/Ice        ##....       2%          2    None
 Confuse                  Hex            ##......     6%          3    None
 Tukima's Dance           Hex            ##......     6%          3    None
 Orb of Destruction       Conj           ######....   28%         7    #######
 Bolt of Cold             Conj/Ice       #####.....   36%         6    #####..


Dungeon Overview and Level Annotations

Branches:
Dungeon (10/15)            Temple (1/1) D:4
   Lair: D:8-11         Orc: D:9-12

Altars:
Ashenzari
Cheibriados
Dithmenos
Elyvilon
Fedhas
Gozag
Hepliaklqana
Kikubaaqudgha
Makhleb
Nemelex Xobeh
Okawaru
Qazlal
Ru
Sif Muna
Trog
Uskayaw
Vehumet
Wu Jian
Xom
Yredelemnul
Zin
The Shining One
Jiyva


Message History

You hear the crackle of electricity.
r - a +2 dagger of electrocution (weapon)
Done exploring.
Done exploring.
There is a stone staircase leading down here.
You climb downwards.
A two-headed ogre comes into view. It is wielding two +0 giant clubs.
The two-headed ogre shouts in stereo!
Found a glowing silver altar of Zin.
There is a stone staircase leading up here.
The two-headed ogre hits you with a +0 giant club!
The two-headed ogre hits you with a +0 giant club!!
You climb upwards.
There is a stone staircase leading down here.
As you read the scroll of teleportation, it crumbles to dust.
You feel strangely unstable.
The two-headed ogre hits you with a +0 giant club!!
* * * LOW HITPOINT WARNING * * *
The two-headed ogre hits you with a +0 giant club!
You die...

##...........## ##
#..........### ##
##.........# #.
#.........# ######.
#..#......# #......
#.###....## ##......
### ##...### #<......
##.####.....####
####>...
##...#......@O..####
###..
#..........###.....####
#.. #........###
####.....#####..
##.....###
####......#.. ##...##
### ####...... #.###
##.## ####... #.##
##...# ###. ##..#
##.."## ######.
#...###....# #...###


You could see a two-headed ogre.

Vanquished Creatures
  The ghost of drd the Cleaver, a novice OpFi of Okawaru (D:8)
  Pikel (D:6)
  Psyche (D:8)
  A hippogriff (D:7)
  A slime creature (D:8)
  Sigmund (D:4)
  A wyvern (D:8)
  Grum (D:9)
  Menkaure (D:6)
  Edmund (D:5)
  Duvessa (D:4)
  2 ice beasts
  2 slaves (D:6)
  A black bear (D:9)
  2 wolves (D:9)
  7 ogres
  3 bullfrogs
  Dowan (D:4)
  A wight (D:7)
  5 killer bees (D:7)
  2 howler monkeys (D:9)
  A crimson imp (D:6)
  A centaur zombie (D:9)
  A bullfrog zombie (D:5)
  2 quasits
  3 orc priests
  8 hounds
  5 jellies
  3 iguanas
  2 centaur skeletons
  6 worker ants
  2 orc wizards
  A hound zombie (D:8)
  A howler monkey skeleton (D:7)
  5 gnolls
  9 adders
  An ooze (D:6)
  An adder skeleton (D:4)
  2 worms
  3 dart slugs (D:1)
  7 leopard geckos
  26 orcs
  A ball python (D:7)
  5 giant cockroaches
  4 hobgoblins
  19 jackals
  9 kobolds
  3 quokkas
  7 bats
  2 frilled lizards
  8 goblins
  8 rats
193 creatures vanquished.

Notes
Turn   | Place    | Note
-------+----------+-------------------------------------------
     0 | D:1      | OdinFK the Deep Elf Fire Elementalist began the quest for
                  | the Orb.
     0 | D:1      | Reached XP level 1. HP: 10/10 MP: 6/6
    72 | D:1      | Reached XP level 2. HP: 12/15 MP: 2/8
    76 | D:1      | Learned a level 2 spell: Throw Flame
   725 | D:2      | Reached XP level 3. HP: 19/19 MP: 6/9
  1441 | D:3      | Found a snail-covered altar of Cheibriados.
  1517 | D:3      | Reached XP level 4. HP: 24/24 MP: 6/11
  1528 | D:3      | Learned a level 3 spell: Conjure Flame
  1533 | D:3      | Learned a level 4 spell: Sticky Flame
  1738 | D:3      | Reached skill level 4 in Spellcasting
  1919 | D:3      | Reached XP level 5. HP: 28/28 MP: 4/13
  2478 | D:3      | Found a glowing golden altar of the Shining One.
  2593 | D:4      | Found a shadowy altar of Dithmenos.
  2660 | D:4      | Found a staircase to the Ecumenical Temple.
  2665 | D:4      | Noticed Sigmund
  2711 | D:4      | Noticed Duvessa
  2711 | D:4      | Noticed Dowan
  2717 | D:4      | Killed Duvessa
  2717 | D:4      | Reached XP level 6. HP: 33/33 MP: 9/15
  2770 | D:4      | Killed Dowan
  2770 | D:4      | Reached skill level 5 in Conjurations
  2945 | D:4      | Reached skill level 5 in Spellcasting
  2945 | D:4      | Reached skill level 5 in Fire Magic
  3208 | D:4      | Reached XP level 7. HP: 37/37 MP: 13/16
  3638 | D:4      | Killed Sigmund
  3638 | D:4      | Reached skill level 6 in Spellcasting
  3704 | D:5      | Entered Level 5 of the Dungeon
  3778 | Temple   | Entered the Ecumenical Temple
  4057 | D:5      | Found a hazy altar of Hepliaklqana.
  4069 | D:5      | Found a shimmering altar of Xom.
  4070 | D:5      | Found an iron altar of Okawaru.
  4090 | D:5      | Found a burning altar of Makhleb.
  4091 | D:5      | Found a deep blue altar of Sif Muna.
  4095 | D:5      | Found a radiant altar of Vehumet.
  4101 | D:5      | Became a worshipper of Vehumet
  4326 | D:5      | Reached XP level 8. HP: 42/42 MP: 19/19
  4336 | D:5      | Learned a level 5 spell: Fireball
  4455 | D:5      | Noticed Edmund
  4466 | D:5      | Killed Edmund
  4466 | D:5      | Reached skill level 7 in Spellcasting
  5028 | D:6      | Noticed Menkaure
  5031 | D:6      | Killed Menkaure
  5031 | D:6      | Reached skill level 8 in Spellcasting
  5041 | D:6      | Noticed Pikel
  5050 | D:6      | Killed Pikel
  5050 | D:6      | Reached skill level 1 in Fighting
  5050 | D:6      | Reached XP level 9. HP: 47/47 MP: 9/23
  5672 | D:7      | Reached skill level 9 in Spellcasting
  5696 | D:7      | Reached * piety under Vehumet
  5696 | D:7      | Offered knowledge of Shock by Vehumet.
  5823 | D:7      | Reached skill level 1 in Short Blades
  6258 | D:7      | Reached skill level 10 in Spellcasting
  6601 | D:8      | You fall through a shaft!
  6688 | D:8      | Noticed Psyche
  6798 | D:9      | Noticed Grum
  6808 | D:9      | Reached ** piety under Vehumet
  6831 | D:9      | Offered knowledge of Searing Ray by Vehumet.
  7060 | D:9      | Killed Grum
  7060 | D:9      | Reached XP level 10. HP: 53/53 MP: 19/26
  7258 | D:8      | Identified the Incunabulum of Confrontation
  7267 | D:8      | Learned a level 6 spell: Bolt of Fire
  7357 | D:8      | Killed Psyche
  7663 | D:8      | Found a runed translucent gate.
  7664 | D:8      | Found a runed translucent gate.
  7665 | D:8      | Found a runed translucent gate.
  7667 | D:8      | Found a viscous altar of Jiyva.
  7667 | D:8      | Noticed drd's ghost (novice OpFi)
  7675 | D:8      | Killed drd's ghost
  7675 | D:8      | Reached skill level 11 in Spellcasting
  7857 | D:9      | Found a white marble altar of Elyvilon.
  7857 | D:9      | Found a hide-covered altar of Uskayaw.
  8259 | D:10     | Entered Level 10 of the Dungeon
  8259 | D:10     | Found a glowing silver altar of Zin.
  8259 | D:10     | Noticed a two-headed ogre
  8282 | D:9      | Slain by a two-headed ogre

Skill      XL: |  1  2  3  4  5  6  7  8  9 10 |
---------------+-------------------------------+-----
Conjurations   | 2 3 4 5 6 8 9 |  9.6
Fire Magic     | 4 5 6 7 9 |  9.9
Spellcasting   | 4 5 6 8 10 11 | 11.3
Stealth        | 3 |  3.0
Fighting       | 1 |  1.9
Dodging        | 3 4 |  4.0
Short Blades   | 1 |  1.3

Action                   |  1- 3 |  4- 6 |  7- 9 | 10-12 || total
-------------------------+-------+-------+-------+-------++-------
Melee: Unarmed           |     4 |       |       |       ||     4
       Dagger            |     6 |     6 |    25 |     1 ||    38
 Cast: Flame Tongue      |    45 |    77 |    95 |    15 ||   232
       Throw Flame       |    29 |    36 |    38 |     8 ||   111
       Conjure Flame     |       |     5 |     4 |       ||     9
       Sticky Flame      |       |     2 |    32 |     2 ||    36
       Fireball          |       |       |     6 |     6 ||    12
       Bolt of Fire      |       |       |       |     2 ||     2
  Use: Scroll            |       |     3 |     6 |     3 ||    12
       Potion            |       |       |     1 |       ||     1
 Stab: Sleeping          |     2 |     3 |     6 |     1 ||    12
  Eat: Chunk             |     2 |     6 |    15 |     3 ||    26
       Ration            |       |       |       |     1 ||     1
Armor: Robe              |     4 |       |    14 |     2 ||    20
Dodge: Dodged            |    24 |    14 |    51 |     1 ||    90
